 Dungeon Crawl Stone Soup version 0.26.1-11-gd32895ea62 (webtiles) character file.

Game seed: 5255568956913332522

6784 Arcadio the Protected (level 11, -3/89 HPs)
             Began as a Hill Orc Abyssal Knight on May 21, 2021.
             Was a Believer of Lugonu.
             Slain by an orc
             ... wielding a +0 hand axe
              (7 damage)
             ... on level 9 of the Dungeon.
             The game lasted 00:36:49 (17273 turns).

Arcadio the Protected (Hill Orc Abyssal Knight)    Turns: 17273, Time: 00:36:51

Health: -3/89      AC:  9    Str: 19    XL:     11   Next: 5%
Magic:  18/18      EV: 11    Int: 12    God:    Lugonu [**....]
Gold:   524        SH:  0    Dex: 10    Spells: 4/10 levels left

rFire    . . .     SeeInvis .   p - +2 mace (drain)
rCold    + . .     Faith    .   (no shield)
rNeg     + . .     Spirit   .   m - +2 leather armour {rC+}
rPois    .         Reflect  .   (no helmet)
rElec    .         Harm     .   (no cloak)
rCorr    +         Rampage  .   v - +0 pair of gloves
Will     .....                  j - +0 pair of boots
Stlth    ..........             (no amulet)
HPRegen  0.24/turn              K - ring of resist corrosion
MPRegen  0.16/turn              G - ring of positive energy

@: confused
A: no striking features
a: Renounce Religion, Depart the Abyss, Bend Space


You were on level 9 of the Dungeon.
You worshipped Lugonu.
Lugonu was pleased with you.
You visited 2 branches of the dungeon, and saw 10 of its levels.
You visited the Abyss 1 time.

You collected 524 gold pieces.

Inventory:

Hand Weapons
 a - a +1 falchion
 d - a +4 rapier of freezing
 p - a +2 mace of draining (weapon)
 t - a +2 antimagic hand axe
 F - a +5 dagger of freezing
 N - a +2 dire flail
Missiles
 i - 17 poisoned darts (quivered)
Armour
 b - a +1 leather armour
 j - a +0 pair of boots (worn)
 m - a +2 leather armour of cold resistance (worn)
 q - a +0 leather armour
 v - a +0 pair of gloves (worn)
 J - a +0 scale mail of cold resistance
 M - a +1 pair of gloves
Jewellery
 o - an uncursed ring of stealth
 E - an uncursed ring of stealth
 G - a ring of positive energy (right hand)
 K - a ring of resist corrosion (left hand)
Wands
 D - a wand of iceblast (14)
 I - a wand of digging (3)
Scrolls
 c - a scroll of fear {unknown}
 f - 4 scrolls of remove curse
 g - 4 scrolls of blinking {unknown}
 k - 2 scrolls of teleportation
 u - 2 scrolls of immolation {unknown}
 w - a scroll of random uselessness {unknown}
 x - 2 scrolls of magic mapping {unknown}
 y - a scroll of brand weapon {unknown}
 C - a scroll of holy word {unknown}
 L - 2 scrolls of noise {unknown}
 P - a scroll of amnesia
Potions
 e - 2 potions of haste
 h - 4 potions of curing
 l - 3 potions of cancellation
 n - 2 potions of might
 r - 6 potions of lignification
 s - a potion of flight
 A - a potion of mutation {unknown}
 B - 2 potions of resistance
 H - 3 potions of attraction {unknown}
 O - 2 potions of magic {unknown}


   Skills:
 + Level 6.2 Fighting
 - Level 3.3 Long Blades
 + Level 10.6 Maces & Flails
 + Level 11.1 Armour
 - Level 0.7 Dodging
 + Level 9.6 Invocations


You had 4 spell levels left.
You knew the following spells:

 Your Spells              Type           Power        Failure   Level
a - Beastly Appendage     Tmut           0%           36%         1
b - Wereblood             Tmut           0%           50%         2
c - Spider Form           Tmut/Pois      0%           73%         3

Your spell library contained the following spells:

 Spells                   Type           Power        Failure   Level
 Ice Form                 Ice/Tmut       0%           98%         4
 Blade Hands              Tmut           0%           100%        5


Dungeon Overview and Level Annotations

Branches:
Dungeon (9/15)             Temple (1/1) D:4
   Lair: D:8-11         Orc: D:9-12

Altars:
Ashenzari
Cheibriados
Dithmenos
Elyvilon
Fedhas
Gozag
Hepliaklqana
Kikubaaqudgha
Makhleb
Nemelex Xobeh
Okawaru
Qazlal
Ru
Sif Muna
Trog
Uskayaw
Vehumet
Wu Jian
Xom
Yredelemnul
Zin
The Shining One

Shops:
D:4 }

Annotations:
D:5 2 transporters, Ragnag's ghost, novice GrEE
D:8 Gastronok
Abyss:1 Harold; Maurice; Prince Ribbit


Message History

* * * LOW HITPOINT WARNING * * *
The orc hits you but does no damage. The howler monkey closely misses you.
The orc warrior closely misses you. The orc barely misses you.
The howler monkey hoots and howls with incredible vigour!
The orc hits you but does no damage. The howler monkey hits you.
* * * LOW HITPOINT WARNING * * *
You hear a shout!
You are confused.
You feel invigorated.
The orc warrior hits you but does no damage.
The orc closely misses you.
The howler monkey hits you but does no damage.
The orc closely misses you.
You sock the orc!
You kill the orc!
Lugonu accepts your kill.
The orc warrior hits you from afar with a +0 trident.
* * * LOW HITPOINT WARNING * * *
The orc hits you with a +0 hand axe!
You die...

#[# ###
######+###
#.h@[....#
#ho......#
#.o......#
.......[.......+
.....##........#
.... ###'######
... #.# .. #.. !
###


You could see an orc warrior, 2 howler monkeys and an orc.

Vanquished Creatures
  Pikel (D:5)
  Joseph (D:7)
  Grinder (D:5)
  3 yaks
  Eustachio (D:4)
  Grum (D:8)
  Menkaure (D:5)
  Duvessa (D:6)
  2 ice beasts
  2 orc warriors
  2 wolves (D:7)
  2 ogres
  2 eyes of draining (D:3)
  A centaur (D:5)
  2 bullfrogs
  2 big kobolds
  Dowan (D:6)
  A killer bee (D:6)
  4 scorpions
  9 wights
  3 bullfrog zombies
  8 hounds
  A jelly (D:5)
  A centaur skeleton (D:4)
  3 orc priests
  6 orc wizards
  A bullfrog skeleton (D:4)
  2 iguanas
  3 worker ants
  2 killer bee zombies
  A hound zombie (D:5)
  2 hound skeletons
  A worker ant zombie (D:5)
  4 gnolls
  10 adders
  3 white imps
  An ooze (D:1)
  2 adder zombies
  An adder skeleton (D:5)
  A worm (D:2)
  3 dart slugs
  8 leopard geckos
  17 orcs
  7 giant cockroaches
  4 goblins
  4 hobgoblins
  8 jackals
  9 kobolds
  2 quokkas
  11 bats
  7 frilled lizards
  A quokka zombie (D:5)
  8 rats
185 creatures vanquished.

Vanquished Creatures (others)
  6 plants (D:5)
6 creatures vanquished.

Grand Total: 191 creatures vanquished

Notes
Turn   | Place    | Note
-------+----------+-------------------------------------------
     0 | Abyss:1  | Arcadio the Hill Orc Abyssal Knight began the quest for the
                  | Orb.
     0 | Abyss:1  | Reached XP level 1. HP: 19/19 MP: 2/2
    66 | D:1      | Escaped the Abyss
   122 | D:1      | Reached * piety under Lugonu
   679 | D:1      | Reached XP level 2. HP: 26/26 MP: 3/3
   890 | D:1      | Reached skill level 3 in Armour
  1022 | D:1      | Reached XP level 3. HP: 29/31 MP: 4/4
  1667 | D:2      | Reached XP level 4. HP: 39/39 MP: 5/5
  1674 | D:2      | Reached skill level 1 in Maces & Flails
  1959 | D:2      | Reached ** piety under Lugonu
  2242 | D:2      | Reached skill level 4 in Armour
  2533 | D:3      | Reached XP level 5. HP: 40/45 MP: 6/6
  2625 | D:3      | Noticed an eye of draining
  2627 | D:3      | Noticed an eye of draining
  2900 | D:3      | Killed an eye of draining
  2912 | D:3      | Killed an eye of draining
  2913 | D:3      | Reached skill level 5 in Armour
  2913 | D:3      | Reached XP level 6. HP: 23/51 MP: 0/7
  2916 | D:3      | Found a bloodstained altar of Trog.
  4547 | D:4      | Found Fusteq's Gadget Boutique.
  4579 | D:4      | Reached XP level 7. HP: 37/57 MP: 8/8
  5152 | D:4      | Reached skill level 6 in Armour
  5235 | D:4      | Found a staircase to the Ecumenical Temple.
  5244 | Temple   | Entered the Ecumenical Temple
  6256 | D:4      | Reached skill level 5 in Maces & Flails
  6667 | D:4      | Found a blossoming altar of Fedhas.
  6782 | D:5      | Entered Level 5 of the Dungeon
  6871 | D:5      | Noticed Eustachio
  6954 | D:4      | Killed Eustachio
  7028 | D:5      | Reached skill level 7 in Armour
  7028 | D:5      | Reached XP level 8. HP: 44/64 MP: 9/9
  7199 | D:5      | Found a transporter.
  7235 | D:4      | Reached *** piety under Lugonu
  7358 | D:5      | Found a transporter.
  7371 | D:5      | Identified the +9 spear of Mayhem {venom, rF+ Will++ Dex-3}
  7371 | D:5      | Identified the +1 scale mail of Mutualism {rN++}
  7429 | D:5      | Noticed Grinder
  7431 | D:5      | Paralysed by Grinder for 7 turns
  7452 | D:5      | Killed Grinder
  7727 | D:5      | Noticed Ragnag's ghost (novice GrEE)
  7759 | D:5      | Found an ancient bone altar of Kikubaaqudgha.
  7792 | D:5      | Reached skill level 8 in Armour
  8148 | D:5      | Noticed Menkaure
  8155 | D:5      | Killed Menkaure
  8551 | D:6      | Noticed Duvessa
  9082 | D:6      | Noticed Dowan
  9098 | D:6      | Killed Dowan
  9099 | D:6      | Reached XP level 9. HP: 48/70 MP: 10/12
  9114 | D:6      | Killed Duvessa
  9610 | D:6      | Reached skill level 9 in Armour
  9765 | D:6      | Reached skill level 5 in Invocations
  9853 | D:6      | Noticed Pikel
  9927 | D:5      | Killed Pikel
 12036 | D:7      | Noticed Joseph
 12072 | D:7      | Killed Joseph
 12073 | D:7      | Reached skill level 10 in Armour
 12073 | D:7      | Reached XP level 10. HP: 24/77 MP: 15/15
 13611 | D:7      | Reached **** piety under Lugonu
 13940 | D:8      | Noticed Grum
 14143 | D:8      | Killed Grum
 14197 | D:8      | Noticed Harold
 14217 | D:8      | Banished Harold
 14218 | D:8      | Reached skill level 10 in Maces & Flails
 14569 | D:8      | Noticed Gastronok
 15163 | D:8      | Noticed Maurice
 15166 | D:8      | Banished Maurice
 15263 | D:8      | Reached skill level 5 in Fighting
 15739 | D:8      | Noticed Prince Ribbit
 15762 | D:8      | Banished Prince Ribbit
 16416 | D:9      | Learned a level 1 spell: Beastly Appendage
 16419 | D:9      | Learned a level 2 spell: Wereblood
 16423 | D:9      | Learned a level 3 spell: Spider Form
 17104 | D:9      | Noticed a gargoyle
 17106 | D:9      | Reached skill level 11 in Armour
 17107 | D:9      | Banished a gargoyle
 17108 | D:9      | Reached XP level 11. HP: 89/89 MP: 4/18
 17239 | D:9      | Noticed a tengu warrior
 17271 | D:9      | HP: 2/89 [howler monkey (4)]
 17273 | D:9      | Slain by an orc

Illustrated notes

Levels and vault maps discovered:
D:1:      tarquinn_simple_flora_water_d, layout_rooms
D:2:      layout_loops_corners, hangedman_decor_points
D:3:      layout_loops_corners, dk_vineyard_1, trog_eyes_of_draining
D:4:      layout_rooms, minmay_temple_entry_poolview, serial_shops, shop,
          fedhas_altar_fruit_tree
D:5:      layout_loops_ring, kennysheep_little_box,
          gammafunk_ghost_gnarly_gnolls, uniq_menkaure, uniq_grinder,
          uniq_eustachio
D:6:      layout_cave_pools, uniq_pikel, uniq_duvessa
D:7:      layout_loops_ring, uniq_joseph
D:8:      layout_loops_cross, nrook_uturn, minivault_19, uniq_prince_ribbit1,
          uniq_gastronok, uniq_maurice, uniq_harold, uniq_grum
D:9:      layout_roguey, basic_altar, minmay_fractal_squares_gapless_7
Temple:   nicolae_temple_the_god_donut

Skill      XL: |  1  2  3  4  5  6  7  8  9 10 |
---------------+-------------------------------+-----
Long Blades    | 3 |  3.3
Armour         | 3 4 5 7 8 10 11 | 11.1
Maces & Flails | 2 3 4 6 7 9 10 | 10.6
Invocations    | 4 7 9 |  9.6
Fighting       | 6 |  6.2
Dodging        | |  0.7

Action                   |  1- 3 |  4- 6 |  7- 9 | 10-12 || total
-------------------------+-------+-------+-------+-------++-------
Melee: Falchion          |    90 |       |       |       ||    90
       Mace              |     7 |   185 |   392 |   245 ||   829
Invok: Depart the Abyss  |     1 |       |       |       ||     1
       Bend Space        |       |       |     3 |     2 ||     5
       Banish            |       |       |     2 |    10 ||    12
  Use: Scroll            |     5 |     3 |     9 |     4 ||    21
       Potion            |       |     1 |     8 |     2 ||    11
 Stab: Sleeping          |       |     4 |     4 |       ||     8
Armor: Leather armour    |    40 |    61 |   175 |    88 ||   364
Dodge: Dodged            |    86 |   113 |   270 |   132 ||   601
       Rpst.: Falchion   |    21 |       |       |       ||    21
